 Dungeon Crawl Stone Soup version 0.16-a0-1183-g5b05a17 (webtiles) character file.

191 Kashira the Chopper (level 5, -1/28 HPs)
             Began as a Vine Stalker Berserker on Oct 10, 2014.
             Was a Priest of Trog.
             Slain by Kashira's ghost (4 damage)
             ... on level 3 of the Dungeon.
             The game lasted 00:08:19 (1288 turns).

Kashira the Chopper (Vine Stalker Berserker)        Turns: 1288, Time: 00:08:19

Health: -1/28      AC:  6    Str: 20    XL:     5   Next: 70%
Magic:  0/7        EV: 10    Int:  7    God:    Trog [***...]
Gold:   141        SH:  0    Dex: 14    Spells: 0 memorised, 4 levels left

rFire  + . .     SeeInvis .     a - +0 hand axe
rCold  x . .     Clarity  .     i - +0 ring mail
rNeg   . . .     SustAb   .     (no shield)
rPois  .         Gourm    .     (no helmet)
rElec  .         Spirit   +     (no cloak)
rCorr  .         Warding  .     h - +0 pair of gloves
rMut   .         Stasis   .     (no boots)
MR     .....                    (no amulet)
Stlth  +.........               (no ring)
                                j - ring of fire

@: exhausted, very slightly contaminated, slowed, invisible, very slow, not
resistant to hostile enchantments, very unstealthy
A: fangs 2, regeneration 1, magic shield, antimagic bite, no device heal 3, rot
immunity
a: Burn Spellbooks, Berserk, Trog's Hand, Renounce Religion


You were on level 3 of the Dungeon.
You worshipped Trog.
Trog was most pleased with you.
You were near starving.

You visited 1 branch of the dungeon, and saw 3 of its levels.

You collected 141 gold pieces.

Inventory:

Hand weapons
 a - a +0 hand axe (weapon)
Armour
 h - a +0 pair of gloves (worn)
 i - a +0 ring mail (worn)
Comestibles
 c - 3 bread rations
 f - a rotting chunk of gnoll flesh
 m - 2 meat rations
Scrolls
 d - a scroll of fog
 g - a scroll of remove curse {unknown}
 l - a scroll of magic mapping {unknown}
Jewellery
 j - a ring of fire (left hand)
Potions
 b - a potion of lignification
 e - a potion of might {unknown}
 k - a potion of brilliance {unknown}
 n - a potion of magic {unknown}
 o - a potion of poison {unknown}
 p - a potion of heal wounds
 q - a potion of invisibility


   Skills:
 - Level 2.8 Fighting
 + Level 5.6 Axes
 - Level 1.5 Armour
 - Level 1.5 Dodging


You had 4 spell levels left.
You didn't know any spells.

Dungeon Overview and Level Annotations

Branches:
Dungeon (3/15)

Altars:
Gozag

Annotations:
D:3 Kashira's ghost, average VSBe


Innate Abilities, Weirdness & Mutations

You have extremely sharp teeth.
Your natural rate of healing is unusually fast.
When hurt, damage is shared between your health and your magic reserves.
Your bite disrupts and absorbs the magic of your enemies.
Potions and wands cannot restore your health.
You are immune to rotting.


Message History

You fade into invisibility!
It was a potion of invisibility.
Kashira's ghost misses you. Kashira's ghost barely misses you.
You are very lightly contaminated with residual magic.
Drink which item? (? for menu, Esc to quit)
Okay, then.
Kashira's ghost hits you!
* * * LOW HITPOINT WARNING * * *
Drink which item? (? for menu, Esc to quit)
That seemed strangely inert.
It was a potion of heal wounds.
Kashira's ghost hits you!
* * * LOW HITPOINT WARNING * * *
Kashira's ghost closely misses you. Kashira's ghost closely misses you.
Drink which item? (? for menu, Esc to quit)
Okay, then.
Kashira's ghost barely misses you.
You are near starving!
Kashira's ghost hits you.
You die...

########### #.........#
#.#######.######## #W#
#..)%..... ##### ##@#
########## ....#
####.#........
###.########.#<###.#####
............#.#.# ##
.##.########.##... .##.#
#.# .#.# .##.# #.##.#.#
.##.# #.##.#.#. ..#.#
#.........


You could see Kashira's ghost.

Vanquished Creatures
  7 gnolls
  4 adders
  A giant mite (D:3)
  2 worms (D:2)
  2 giant geckos
  4 orcs (D:3)
  2 ball pythons (D:2)
  4 bats
  5 goblins
  5 hobgoblins
  8 jackals (D:2)
  A quokka (D:3)
  2 giant cockroaches
  6 giant newts
  7 kobolds
  5 rats
65 creatures vanquished.

Notes
Turn   | Place    | Note
--------------------------------------------------------------
     0 | D:1      | Kashira, the Vine Stalker Berserker, began the quest for the Orb.
     0 | D:1      | Reached XP level 1. HP: 11/11 MP: 1/1
   182 | D:1      | Reached skill level 3 in Axes
   184 | D:1      | Reached XP level 2. HP: 16/16 MP: 3/3
   393 | D:1      | Acquired Trog's second power
   550 | D:2      | Reached XP level 3. HP: 19/19 MP: 4/4
   615 | D:2      | Found an opulent altar of Gozag.
   648 | D:2      | Reached skill level 4 in Axes
   659 | D:2      | Reached XP level 4. HP: 18/23 MP: 1/5
   994 | D:2      | Reached skill level 5 in Axes
   994 | D:2      | Reached XP level 5. HP: 17/28 MP: 2/7
  1258 | D:3      | Noticed Kashira's ghost (average VSBe)
  1281 | D:3      | HP: 1/28 [Kashira's ghost (4)]
  1288 | D:3      | Slain by Kashira's ghost

Action                   |  1- 3 |  4- 6 || total
-------------------------+-------+-------++-------
Melee: Hand axe          |    65 |    81 ||   146
Invok: Berserk           |     1 |     3 ||     4
  Use: Scroll            |     1 |     3 ||     4
       Potion            |       |     2 ||     2
  Eat: Chunk             |       |     4 ||     4
